 Dungeon Sprint DCSS version 0.18-a0-1166-g6e2d2a0 (webtiles) character file.

4900000 Arkorax the Conqueror (level 22, -98/212 HPs)
             Began as a Demonspawn Berserker on Jan 26, 2016.
             Was the Champion of Makhleb.
             Annihilated by a destroyer
             ... wielding a +9 great sword of slicing
              (198 damage)
             ... in the Dungeon (Sprint VIII: "Arena of Blood").
             The game lasted 00:01:41 (49 turns).

Arkorax the Conqueror (Demonspawn Berserker)          Turns: 49, Time: 00:01:41

Health: -98/212    AC:  4    Str: 23    XL:     22   Next: 61%
Magic:  0/53       EV: 36    Int:  9    God:    Makhleb [******]
Gold:   0          SH:  0    Dex: 21    Spells: 0 memorised, 75 levels left

rFire  + . .     SeeInvis .     j - +∞ Axe of Woe
rCold  . . .     Gourm    .     b - +0 animal skin
rNeg   . . .     Faith    .     (shield currently unavailable)
rPois  .         Spirit   +     (no helmet)
rElec  .         Dismiss  .     (no cloak)
rCorr  .         Reflect  .     (no gloves)
SustAt .         Harm     .     (boots unavailable)
MR     +....     NoTele   +     (no amulet)
Stlth  +++++++++.               (no ring)
                                k - +30 ring of slaying

@: somewhat resistant to hostile enchantments, incredibly stealthy
A: hooves 3, thin skeletal structure 2, fire resistance 1, ignite blood,
augmentation 1, magic shield, magic regeneration, magic link, flame cloud
immunity
a: Minor Destruction, Lesser Servant of Makhleb, Major Destruction, Greater
Servant of Makhleb, Renounce Religion


You were in the Dungeon.
You worshipped Makhleb.
Makhleb was exalted by your worship.
You were not hungry.

You visited 1 branch

Inventory:

Hand Weapons
 a - a +0 hand axe
 j - the +∞ Axe of Woe (weapon)
   (You found it in the Dungeon)
Armour
 b - a +0 animal skin (worn)
Jewellery
 k - a +30 ring of slaying (left hand)
 l - a +200 ring of slaying
Scrolls
 i - a scroll of blinking
Potions
 d - a potion of curing
 e - a potion of heal wounds
 f - a potion of haste
 g - 2 potions of magic
 h - a potion of berserk rage
Comestibles
 c - a bread ration


   Skills:
 O Level 27 Fighting
 O Level 27 Axes
 O Level 27 Throwing
 O Level 27 Armour
 O Level 27 Dodging
 O Level 27 Stealth
 O Level 27 Unarmed Combat
 O Level 27 Spellcasting
 O Level 27 Invocations


You had 75 spell levels left.
You didn't know any spells.

Dungeon Overview and Level Annotations

Branches:
Dungeon (1/1)

Altars:
Makhleb


Innate Abilities, Weirdness & Mutations

You have hooves in place of feet.
You have a moderately thin skeletal structure (Dex +4, Stealth+).
Your flesh is heat resistant.
Your demonic aura causes spilled blood to erupt in flames.
Your magical and physical power is slightly enhanced at high health.
When hurt, damage is shared between your health and your magic reserves.
You regenerate magic rapidly.
When low on magic, you restore magic in place of health.
You are immune to clouds of flame.


Message History

You slice the crawling corpse!!
You dissect the crawling corpse like a pig carcass.
You destroy the crawling corpse!
You hear a shout! x3
The destroyer is engulfed in roaring flames.
The destroyer blinks!
You hear a shout! x7
The bag of meat is engulfed in roaring flames.
The large bag of meat hits you with a +9 giant spiked club!!!!
Ouch! That really hurt!
You hear a shout!
Things that are here:
a +9 great sword of slicing; a +200 ring of slaying
l - a +200 ring of slaying You hear a shout! x2
The meat berserker misses you.
You hear a shout! x5
The destroyer hits you with a +9 great sword of slicing!!!!!
Ouch! That really hurt!
You die...

.....o.....
......o....
.z...o...O
#...V.oo#
#....o.o# .
.###....§oo###...
......###oo......
......_OC.......
...#.VO@V#......
. #_)<)§#......
....#.))..#......
......._)).......
......###).......
.###.. ...###...
#.. ..# . #. ..#
.. ...


You could see 2 destroyers, a large bag of meat (inner flame), 3 meat berserkers
and 7 bags of meat.

Vanquished Creatures
  A vampire knight (D)
  5 ogres (D)
  29 orcs (D)
  A large abomination (D)
  2 small abominations (D)
  4 crawling corpses (D)
42 creatures vanquished.

Notes
Turn   | Place    | Note
--------------------------------------------------------------
     0 | D        | Arkorax the Demonspawn Berserker began the quest for the Orb.
     0 | D        | Reached XP level 1. HP: 18/18 MP: 1/1
     3 | D        | Noticed a bag of meat
     3 | D        | Noticed a bag of meat
     3 | D        | Noticed a bag of meat
     4 | D        | Noticed a bag of meat
     5 | D        | Noticed a bag of meat
     5 | D        | Noticed a bag of meat
     7 | D        | Noticed a bag of meat
     8 | D        | Noticed a bag of meat
     9 | D        | Killed a bag of meat
     9 | D        | Reached skill level 19 in Fighting
     9 | D        | Gained mutation: You have a somewhat thin skeletal structure (Dex +2, Stealth). [demonic ancestry]
     9 | D        | Reached XP level 2. HP: 20/51 MP: 2/2
     9 | D        | Reached XP level 3. HP: 22/58 MP: 3/3
     9 | D        | Reached XP level 4. HP: 24/65 MP: 4/4
     9 | D        | Reached XP level 5. HP: 26/72 MP: 5/5
     9 | D        | Reached XP level 6. HP: 28/79 MP: 6/6
     9 | D        | Gained mutation: Your flesh is heat resistant. [demonic ancestry]
     9 | D        | Reached XP level 7. HP: 30/85 MP: 7/7
     9 | D        | Gained mutation: You have large cloven feet. [demonic ancestry]
     9 | D        | Reached XP level 8. HP: 32/93 MP: 8/8
     9 | D        | Reached XP level 9. HP: 34/99 MP: 9/9
     9 | D        | Gained mutation: When hurt, damage is shared between your health and your magic reserves. [demonic ancestry]
     9 | D        | Reached XP level 10. HP: 36/107 MP: 10/10
     9 | D        | Gained mutation: You regenerate magic rapidly. [demonic ancestry]
     9 | D        | Reached XP level 11. HP: 38/113 MP: 11/11
     9 | D        | Killed a bag of meat
     9 | D        | Reached ** piety under Trog
     9 | D        | Reached skill level 22 in Fighting
     9 | D        | Reached XP level 12. HP: 40/126 MP: 12/12
     9 | D        | Killed a bag of meat
     9 | D        | Reached skill level 24 in Fighting
     9 | D        | Reached XP level 13. HP: 42/137 MP: 13/13
    10 | D        | Noticed a bag of meat
    10 | D        | Noticed a meat berserker
    10 | D        | Killed a bag of meat
    10 | D        | Reached skill level 25 in Fighting
    10 | D        | Reached XP level 14. HP: 45/148 MP: 14/14
    10 | D        | Killed a bag of meat
    10 | D        | Reached *** piety under Trog
    10 | D        | Reached skill level 26 in Fighting
    11 | D        | Killed a bag of meat
    11 | D        | Reached skill level 27 in Fighting
    11 | D        | Gained mutation: When low on magic, you restore magic in place of health. [demonic ancestry]
    11 | D        | Reached XP level 15. HP: 46/159 MP: 15/15
    12 | D        | Noticed a meat berserker
    14 | D        | Fell from the grace of Trog
    14 | D        | Became a worshipper of Makhleb the Destroyer
    15 | D        | Killed a meat berserker
    15 | D        | Reached skill level 27 in Axes
    15 | D        | Reached * piety under Makhleb
    15 | D        | Reached skill level 15 in Armour
    15 | D        | Reached skill level 15 in Dodging
    15 | D        | Gained mutation: You are immune to clouds of flame. [demonic ancestry]
    15 | D        | Reached XP level 16. HP: 34/167 MP: 10/16
    17 | D        | Reached ** piety under Makhleb
    17 | D        | Killed a meat berserker
    17 | D        | Gained mutation: Your demonic aura causes spilled blood to erupt in flames. [demonic ancestry]
    17 | D        | Reached XP level 17. HP: 102/174 MP: 5/17
    18 | D        | Noticed a meat berserker
    21 | D        | Reached *** piety under Makhleb
    24 | D        | Killed a meat berserker
    24 | D        | Reached **** piety under Makhleb
    24 | D        | Reached XP level 18. HP: 177/182 MP: 4/18
    24 | D        | Reached skill level 27 in Armour
    24 | D        | Reached skill level 27 in Dodging
    25 | D        | Noticed a meat berserker
    26 | D        | Reached ***** piety under Makhleb
    26 | D        | Gained mutation: You have hoof-like feet. [demonic ancestry]
    26 | D        | Reached XP level 19. HP: 189/189 MP: 6/44
    30 | D        | Killed a meat berserker
    30 | D        | Reached skill level 27 in Spellcasting
    32 | D        | Noticed a meat berserker
    33 | D        | Gained mutation: You have a moderately thin skeletal structure (Dex +4, Stealth+). [demonic ancestry]
    33 | D        | Reached XP level 20. HP: 197/197 MP: 9/51
    35 | D        | Noticed a destroyer
    35 | D        | Reached ****** piety under Makhleb
    35 | D        | Reached skill level 27 in Stealth
    36 | D        | Noticed a destroyer
    36 | D        | Killed a meat berserker
    37 | D        | Gained mutation: You have hooves in place of feet. [demonic ancestry]
    37 | D        | Reached XP level 21. HP: 204/204 MP: 12/52
    38 | D        | Killed a destroyer
    38 | D        | Reached skill level 27 in Unarmed Combat
    39 | D        | Reached skill level 15 in Throwing
    40 | D        | Noticed a destroyer
    41 | D        | Gained mutation: Your magical and physical power is slightly enhanced at high health. [demonic ancestry]
    41 | D        | Reached XP level 22. HP: 212/212 MP: 10/53
    41 | D        | Reached skill level 27 in Invocations
    46 | D        | Reached skill level 27 in Throwing
    49 | D        | Annihilated by a destroyer

Vault maps used:
D:        meatsprint

Action                   |  1- 3 |  4- 6 |  7- 9 | 10-12 | 13-15 | 16-18 | 19-21 | 22-24 || total
-------------------------+-------+-------+-------+-------+-------+-------+-------+-------++-------
Melee: Executioner's axe |     1 |       |       |       |     3 |     6 |     9 |     3 ||    22
